Map: Ascension to Aiur LE

Players

ZenedoR - Winner!

  • Race: Zerg Zerg
  • League: Master
  • Spawn Location: 5:00

hiohu

  • Race: Zerg Zerg
  • League: Master
  • Spawn Location: 11:00

Event: HopeTL

VOD

https://www.youtube.com/watch?v=fIOJgj8wW98&list=PL9QsjkBYtQM7NVZEDVfaNugqO61aBOlm6&index=1

Description

Time

  • Played on: Oct. 15, 2017, 7:31 p.m.
  • Length: 3:52
Show
View Real Time Build Order
Export as new Build Order

ZenedoR Zerg - Winner!

Build Orders: Hatch First 

Get SALT Encoding   

  12  0:07  Drone  
  12  0:08  Drone  
  14  0:17  Overlord  
  14  0:35  Drone x2  
  16  0:41  Drone  
  17  0:51  Drone  
  17  0:56  Hatchery  
  17  1:01  Drone  
  18  1:06  Extractor  
  17  1:15  Spawning Pool  
  17  1:17  Drone  
  17  1:23  Drone  
  18  1:35  Drone  
  19  1:44  Overlord  
  19  2:02  Queen  
  19  2:06  Zergling x4  
  23  2:08  Queen  
  23  2:09  Metabolic Boost  
  23  2:14  Spine Crawler  
  24  2:16  Zergling x2  
  24  2:22  Zergling x4  
  27  2:29  Zergling x2  
  28  2:36  Zergling x2  
  29  2:52  Spine Crawler  
  28  3:00  Zergling x4  
  29  3:11  Zergling x8  
  25  3:13  Queen  
  25  3:14  Queen  
  29  3:21  Zergling x2  
  29  3:22  Zergling x2  
  31  3:34  Evolution Chamber  
Show
View Real Time Build Order
Export as new Build Order

hiohu Zerg 

Build Orders: Pool Only 

Get SALT Encoding   

  12  0:01  Drone  
  13  0:19  Extractor  
  12  0:24  Spawning Pool  
  11  0:28  Drone  
  11  0:33  Drone  
  13  0:38  Drone  
  14  0:50  Overlord  
  14  1:11  Zergling x2, Queen  
  17  1:21  Metabolic Boost  
  17  1:24  Zergling x2  
  18  1:27  Zergling x2  
  19  1:36  Zergling x2  
  20  1:41  Overlord  
  20  1:51  Baneling Nest  
  20  1:53  Zergling x2  
  20  1:58  Zergling x2  
  21  2:08  Zergling x2  
  22  2:19  Zergling x6  
  25  2:33  Zergling x2  
  25  2:36  Baneling x4  
  26  2:41  Zergling x2  
  27  2:52  Zergling x6  
  30  2:59  Overlord  
  22  3:21  Baneling  
  19  3:27  Zergling x4  
  19  3:28  Zergling x6  
Tags
 
Add a new tag
Caveats
  • Supply blocks, unpowered buildings, or Contaminate may cause inaccurate times.
  • Supply counts are checked every 10 seconds.